Cogmind - Beta 16.1 @@@ ROGUE MODE // 2026.03.21 @ 20:57:01 Player: EX-OCT Result: Destroyed by Y-45 Defender with Beam Rifle Performance ------------- Evolutions (0) 0 Regions Visited (3) 600 Robots Destroyed (27) 135 Value Destroyed (757) 757 Prototype IDs (15) 300 Alien Tech Used (0) 0 Bonus (0) 0 TOTAL SCORE: 1792 Bonus ------- None Cogmind --------- Core Integrity 0/250 Matter 290/300 Energy 196/200 System Corruption 0% Temperature Cool (9) Movement Walking (130) Location -8/Recycling Parts ------- > --- POWER (1) -------- Subdweller Power Source > --- PROPULSION (2) --- Cargo Legs > --- UTILITY (2) ------ Improved Heat Sink High-capacity Storage Unit > --- WEAPON (2) ------- Subdweller Laser Hammer > --- INVENTORY (20) --- Light Ion Engine Subdweller Monowheel Subdweller Monowheel Flight Unit Flight Unit Flight Unit Medium Storage Unit Structural Scanner Subdweller Optics Scrap Shield Subdweller Laser Particle Cannon Particle Cannon Particle Cannon Subdweller Shrapnel Launcher Subdweller Shrapnel Launcher Multitool Peak State ------------ > --- POWER ------------ Subdweller Power Source > --- PROPULSION ------- Cargo Legs > --- UTILITY ---------- Improved Heat Sink High-capacity Storage Unit Scrap Shield > --- WEAPON ----------- Particle Cannon Particle Cannon > --- INVENTORY -------- Light Ion Engine Subdweller Power Source Subdweller Monowheel Subdweller Monowheel Flight Unit Flight Unit Flight Unit Medium Storage Unit Structural Scanner Subdweller Optics Scrap Shield Subdweller Laser Subdweller Laser Particle Cannon Subdweller Shrapnel Launcher Subdweller Shrapnel Launcher Hammer Mining Claw [Rating: 33] Favorites ----------- Power Ion Engine Engine Ion Engine Propulsion Improved Treads Treads Improved Treads Leg Cargo Legs Flight Unit Flight Unit Utility Improved Heat Sink Device Improved Heat Sink Storage Medium Storage Unit Protection Weapon Shielding Weapon Particle Cannon Energy Gun Subdweller Laser Energy Cannon Particle Cannon Ballistic Gun Assault Rifle Launcher Subdweller Shrapnel Launcher Special Weapon Multitool Impact Weapon Hammer Slashing Weapon Mining Claw Build | -11 -10 -10 -8 ------- Run | Yrd Mat Sub Rec Slots Evolved . | . . . . Power . | . . . . Propulsion . | . . . . Utility . | . . . . Weapon . | . . . . Parts Attached 32 | 5 13 14 . Power 4 | . 2 2 . Engine 4 | . 2 2 . Core . | . . . . Reactor . | . . . . Propulsion 8 | 2 5 1 . Treads 6 | 2 4 . . Leg 1 | . . 1 . Wheel . | . . . . Hover . | . . . . Flight 1 | . 1 . . Utility 7 | 1 3 3 . Device 3 | 1 1 1 . Storage 2 | . 1 1 . Processor . | . . . . Hackware . | . . . . Protection 2 | . 1 1 . Artifact . | . . . . Weapon 13 | 2 3 8 . Energy Gun 2 | . . 2 . Energy Cannon 4 | . 2 2 . Ballistic Gun 3 | 2 1 . . Ballistic Cannon . | . . . . Launcher 1 | . . 1 . Special Weapon 1 | . . 1 . Impact Weapon 1 | . . 1 . Slashing Weapon 1 | . . 1 . Piercing Weapon . | . . . . Special Melee Weapon . | . . . . Unidentified Prototypes . | . . . . Parts Lost 5 | . 1 4 . Power 2 | . . 2 . Propulsion . | . . . . Utility 2 | . 1 1 . Weapon 1 | . . 1 . Highest Loss Streak 2 | . 1 2 . To Critical Strikes . | . . . . Average Backups 10 | 1 5 13 17 Power 1 | . . 1 1 Propulsion 3 | . 2 4 5 Utility 1 | . . 2 4 Weapon 3 | 1 1 4 6 Tool/Special . | . . . . Unused Backups 8 | . 1 . 7 Power . | . . . . Propulsion 4 | . . . 4 Utility 2 | . . . 2 Weapon 1 | . . . 1 Tool/Special 1 | . 1 . . Average Slot Usage (%) 92 | . 88 94 85 Engine 11 | . 7 13 14 Treads 22 | . 26 20 . Leg 2 | . . 3 14 Device 13 | . 13 13 14 Storage 10 | . 6 13 14 Protection 4 | . 7 2 . Energy Cannon 20 | . 17 21 . Ballistic Gun 2 | . 7 . . Slashing Weapon 2 | . . 3 . Peak Build Rating 33 | 5 14 33 28 Average Rating 15 | 3 10 18 28 On Entrance 11 | . 4 14 28 Avg Prop Armor Cover (%) 31 | 30 32 . . Naked Turns . | . . . . Heaviest Build 72 | 3 24 72 52 Greatest Support 55 | 3 46 55 55 Greatest Overweight (x) 1 | . . 1 . Average Overweight (x) . | . . . . Largest Inventory Capacity 20 | 5 10 20 20 Average Capacity 12 | 5 7 15 20 Most Carried 19 | 3 10 19 18 Average Carried 10 | 2 5 13 18 Final Capacity 20 | 5 10 20 20 Final Carried 18 | 3 10 18 18 Class Distribution -------------------- 96% | Mutant 3% | Scavenger-Mutant Dominant Class ---------------- Mutant | -10/Materials Mutant | -10/Subcaves Mutant | -8/Recycling Resources | -11 -10 -10 -8 ----------- Run | Yrd Mat Sub Rec Matter Collected 886 | 271 345 270 . Remotely . | . . . . Salvage Created 1219 | 77 511 631 . Parts 72 | 7 26 39 . Haulers Intercepted 1 | . 1 . . Recyclers Shooed 3 | 1 2 . . Parts Field Recycled . | . . . . Retrieved Matter . | . . . . Parts Self-Destructed 1 | . . 1 . Prevented . | . . . . Parts Restored . | . . . . Kills | -11 -10 -10 -8 ------- Run | Yrd Mat Sub Rec Combat Hostiles Destroyed 20 | . 11 9 . Guns 8 | . 7 1 . Cannons 12 | . 4 8 . Classes Destroyed 11 | 2 6 3 . Worker 1 | . 1 . . Tunneler 1 | 1 . . . Hauler 1 | . 1 . . Recycler 1 | 1 . . . Operator 1 | . 1 . . Watcher 2 | . 2 . . Swarmer 3 | . 3 . . Grunt 8 | . 8 . . Sentry 1 | . . 1 . Artisan 1 | . . 1 . Subdweller 8 | . . 8 . Best Kill Streak 3 | 1 3 2 . Combat Bots Only 3 | . 3 2 . Max Kills in Single Turn 1 | 1 1 1 . Gunslinging . | . . . . Exploded . | . . . . Melee . | . . . . Uniques/NPCs Destroyed . | . . . . Combat | -11 -10 -10 -8 -------- Run | Yrd Mat Sub Rec Hostile Shots Fired 111 | . 49 55 7 Missed 23 | . 11 12 . Hits 88 | . 38 43 7 Projectile 88 | . 38 43 7 AOE 5 | . . 5 . Critical Strikes 1 | . 1 . . Damage Taken 1579 | . 454 1018 107 Core 259 | . 98 147 14 Absorbed by Shields . | . . . . Redirected to Shielding 28 | . 28 . . Core Remaining (%) 100 | 100 . . . Volleys Fired 107 | 12 50 42 3 Largest 2 | 2 2 2 1 Hottest 148 | 40 136 148 60 Shots Fired 192 | 15 96 78 3 Gun 88 | 15 56 14 3 Cannon 100 | . 40 60 . Launcher 4 | . . 4 . Special . | . . . . Kinetic 75 | 15 56 4 . Thermal 117 | . 40 74 3 Explosive . | . . . . Electromagnetic . | . . . . Robot Hit Streak 34 | 6 8 34 5 Robot Miss Streak 6 | 3 6 1 . Penetration Max . | . . . . Secondary Targets . | . . . . Shots Hit Robots 151 | 10 65 72 4 Core Hits 50 | 4 26 20 . Critical Kills . | . . . . Critical Parts Destroyed . | . . . . Critical Strikes 1 | . . 1 . Destroy 1 | . . 1 . Melee Attacks 26 | . . 25 1 Impact 2 | . . 1 1 Slashing 24 | . . 24 . Piercing . | . . . . Sneak Attacks 1 | . . 1 . Combat Hostiles . | . . . . Follow-up Attacks . | . . . . Damage Inflicted 2988 | 91 1080 1729 88 Guns 884 | 91 487 242 64 Cannons 1637 | . 576 1061 . Explosions . | . . . . Melee 450 | . . 426 24 Ramming 17 | . 17 . . Kinetic 578 | 91 487 . . Thermal 1943 | . 576 1303 64 Explosive . | . . . . Electromagnetic . | . . . . Impact 24 | . . . 24 Slashing 426 | . . 426 . Piercing . | . . . . Highest Corruption . | . . . . Average Corruption . | . . . . Corruption Purged . | . . . . Corruption Blocked . | . . . . Overload Shots . | . . . . Overflow Damage 15 | . 15 . . Projectiles 15 | . 15 . . Explosions . | . . . . Melee . | . . . . Knockbacks . | . . . . Impact . | . . . . Kinetic . | . . . . Secondary . | . . . . Self-Inflicted Damage . | . . . . Shots . | . . . . Rammed 2 | . 2 . . Targets Rammed 2 | . 2 . . Kicked . | . . . . Crushed . | . . . . Highest Temperature 189 | . 189 114 5 Average Temperature 48 | . 48 51 3 Received Heat Transfer 450 | . 219 195 36 Siege Activations . | . . . . Martial Activations . | . . . . Shielding Activations . | . . . . Robots Disrupted . | . . . . Combat Hostiles . | . . . . Robots Corrupted . | . . . . Combat Hostiles . | . . . . Parts Fried . | . . . . Impact Corruptions . | . . . . Robots Melted . | . . . . Combat Hostiles . | . . . . Parts Melted 4 | . 3 1 . Heat Transferred 3261 | . 1036 2150 75 Parts Sabotaged . | . . . . Parts Stolen . | . . . . Parts Stripped . | . . . . Power Chain Reactions . | . . . . Alert | -11 -10 -10 -8 ------- Run | Yrd Mat Sub Rec Maximum Alert Level . | . . . . Low Security (%) 100 | 100 100 . 100 Level 1 . | . . . . Level 2 . | . . . . Level 3 . | . . . . Level 4 . | . . . . Level 5 . | . . . . High Security . | . . . . Max Security . | . . . . Peak Influence 126 | 5 126 . . Initial 3 | . 3 . . Average 25 | 2 26 . . Influence Increases 386 | 10 356 20 . Destroy 0b10 Robot/C 240 | . 220 20 . Destroy 0b10 Robot/NC 35 | 10 25 . . Destroy Leader 46 | . 46 . . Successful Hack 19 | . 19 . . Destroy Structure 1 | . 1 . . Partial Spotted 15 | . 15 . . Lose Combat Pursuer 30 | . 30 . . Influence Decreases 386 | 5 361 20 . Entered New Map 2 | . 2 . . Time Decay 374 | 5 349 20 . Lost Part 10 | . 10 . . Squads Dispatched 2 | . 2 . . Investigation 1 | . 1 . . Extermination . | . . . . Reinforcement 1 | . 1 . . Assault . | . . . . Garrison . | . . . . Intercept . | . . . . Searches Triggered . | . . . . Construction Impeded . | . . . . Haulers Reinforced . | . . . . Active Scanning Responses . | . . . . Cargo Convoy Interrupts . | . . . . Stealth | -11 -10 -10 -8 --------- Run | Yrd Mat Sub Rec Distress Signals 1 | . 1 . . Communications Jammed . | . . . . Distress Signals . | . . . . Times Spotted 31 | . 21 9 1 Peak Tracking Total 4 | . 4 2 1 Tactical Retreats 2 | . 2 . . Traps | -11 -10 -10 -8 ------- Run | Yrd Mat Sub Rec Traps Triggered 1 | . 1 . . Indirectly . | . . . . Trap Hack Attempts . | . . . . Triggered . | . . . . Disarmed . | . . . . Reprogrammed . | . . . . Reused . | . . . . Traps Extracted . | . . . . Installed . | . . . . Triggered . | . . . . Machines | -11 -10 -10 -8 ---------- Run | Yrd Mat Sub Rec Machines Disabled 1 | . . 1 . Max in Single Turn 1 | . . 1 . Machines Repaired . | . . . . Machines Dismantled . | . . . . Machines Sabotaged . | . . . . Overloaded Fab Kills . | . . . . Hacking | -11 -10 -10 -8 --------- Run | Yrd Mat Sub Rec Machines Accessed 7 | . 6 1 . Terminals 6 | . 6 . . Fabricators . | . . . . Repair Stations . | . . . . Recycling Units . | . . . . Scanalyzers . | . . . . Garrison Access . | . . . . Total Hacks 25 | . 24 1 . Successful 14 | . 13 1 . Failed 10 | . 10 . . Catastrophic . | . . . . Database Lockouts 1 | . 1 . . Manual 21 | . 21 . . Terminals 24 | . 24 . . Fabricators . | . . . . Repair Stations . | . . . . Recycling Units . | . . . . Scanalyzers . | . . . . Garrison Access . | . . . . Terminal Hacks 6 | . 5 1 . Robot Analysis 1 | . 1 . . Prototype ID Bank 1 | . 1 . . Terminal Index 1 | . 1 . . Locate Traps 1 | . 1 . . Zone Layout 1 | . 1 . . Proto ID Catalog 1 | . . 1 . Fabricator Hacks . | . . . . Repair Station Hacks . | . . . . Recycling Unit Hacks . | . . . . Scanalyzer . | . . . . Garrison Access Hacks . | . . . . Unauthorized Hacks 8 | . 8 . . Terminals 8 | . 8 . . Botnet 2 | . 2 . . Operators 1 | . 1 . . Skim 5 | . 5 . . Fabricators . | . . . . Repair Stations . | . . . . Recycling Units . | . . . . Scanalyzers . | . . . . Garrison Access . | . . . . Data Cores Recovered . | . . . . Used . | . . . . Hacking Detections 5 | . 5 . . Full Trace Events 1 | . 1 . . Feedback Events . | . . . . Feedback Blocked . | . . . . Robot Schematics Acquired . | . . . . Robots Built . | . . . . Authchips . | . . . . Time . | . . . . Total Robot Build Rating . | . . . . Part Schematics Acquired . | . . . . Parts Built . | . . . . Authchips . | . . . . Time . | . . . . Total Part Build Rating . | . . . . Part Studies Acquired . | . . . . Parts Repaired . | . . . . Time . | . . . . Parts Recycled . | . . . . Recycled Matter . | . . . . Retrieved Matter . | . . . . Retrieved Components . | . . . . Parts Scanalyzed . | . . . . Part Schematics Acquired . | . . . . Parts Damaged . | . . . . Bothacking | -11 -10 -10 -8 ------------ Run | Yrd Mat Sub Rec Used RIF Installer . | . . . . Robots Hacked . | . . . . Non-combat . | . . . . Combat . | . . . . Robot Hacks Applied . | . . . . Relay Couplers Released . | . . . . Fabnet Peak Effective % . | . . . . Robots Rewired . | . . . . Allies Hacked . | . . . . Hacks Repelled . | . . . . Allies | -11 -10 -10 -8 -------- Run | Yrd Mat Sub Rec Total Allies . | . . . . Largest Group . | . . . . Highest-Rated Group . | . . . . Highest-Rated Ally . | . . . . Total Orders . | . . . . Ally Attacks . | . . . . Total Damage . | . . . . Kills . | . . . . Allies Corrupted . | . . . . Allies Melted . | . . . . Intel | -11 -10 -10 -8 ------- Run | Yrd Mat Sub Rec Active Infowar (turns) 1708 | 27 515 1166 . Structural 1166 | . . 1166 . Seismic 542 | 27 515 . . Robot Analysis Total 1 | . 1 . . Derelict Logs Recovered 1 | . . 1 . Drone Launches . | . . . . Drone Recoveries . | . . . . Exploration | -11 -10 -10 -8 ------------- Run | Yrd Mat Sub Rec Turns Passed 4279 | 53 1498 2718 10 Spaces Moved 1861 | 36 814 1010 1 Core 225 | 36 189 . . Treads 1258 | . 583 675 . Legs 336 | . . 335 1 Wheels . | . . . . Hover . | . . . . Flight 42 | . 42 . . Fastest Speed 40 | 50 40 130 130 Average Speed 161 | 50 128 191 130 Slowest Speed 240 | 50 160 240 130 Overloaded Moves . | . . . . Propulsion Burnouts . | . . . . Robots Hopped . | . . . . Potential Cave-ins . | . . . . Cave-ins Triggered . | . . . . Exploration Rate (%) 37 | 3 96 48 2 Regions Visited 3 Branch Regions 2 Pre-discovered Areas . | . . . . Known Exits Taken . | . . . . Unknown Exits Taken 3 | 1 1 1 . Scrap Searched . | . . . . Spaces Dug 39 | . . 39 . Terrain Destroyed 50 | . . 50 . Melee 7 | . . 7 . Projectile 1 | . . 1 . AOE 42 | . . 42 . Terrain Rammed . | . . . . Walls Destroyed . | . . . . Machines Disabled . | . . . . Actions | -11 -10 -10 -8 --------- Run | Yrd Mat Sub Rec Total 2891 | 55 1169 1662 5 Wait 808 | . 269 539 . Move 1858 | 35 813 1009 1 Hop . | . . . . Pick Up 26 | 2 9 15 . Fast Attach 8 | 5 2 1 . Attach 10 | . 5 5 . Detach 4 | 1 2 1 . Swap 28 | . 12 16 . Drop 11 | . 5 6 . Fire 107 | 12 50 42 3 Melee 26 | . . 25 1 Ram . | . . . . Kick . | . . . . Crush 2 | . 2 . . Escape Stasis . | . . . . Rewire . | . . . . Trap . | . . . . Miscellaneous 3 | . . 3 . Route ------- -11/Scrapyard -10/Materials (discovered 6 exits: [*Mat x3] / [*Min x2] / *Sub) -10/Subcaves (discovered 3 exits: *Mat x2 / [*Rec]) -8/Recycling History --------- Turn | Location | Event 30 | -11/Scrapyard | Discovered new exit (range 13) 54 | -11/Scrapyard | Entered Materials 273 | -10/Materials | Discovered new exit (range 16) 305 | -10/Materials | Build established: Mutant 356 | -10/Materials | Discovered new exit (range 4) 513 | -10/Materials | Discovered new exit (range 5) 668 | -10/Materials | Discovered new exit (range 15) 855 | -10/Materials | Discovered new exit (range 6) 1037 | -10/Materials | Discovered new exit (range 11) 1054 | -10/Materials | Central database locked down 1288 | -10/Materials | Learned 4 Subcaves zone layouts 1319 | -10/Materials | Learned Storage stockpile data 1373 | -10/Materials | Learned Storage stockpile data 1414 | -10/Materials | Learned location of 1 exit from Storage 1552 | -10/Materials | Entered Subcaves 1553 | -10/Subcaves | Identified exit to Materials 2420 | -10/Subcaves | Visited 4L-MR0's lab 2436 | -10/Subcaves | Found Cargo Legs 2607 | -10/Subcaves | Discovered new exit (range 4) 2858 | -10/Subcaves | Ambushed by Subdweller buried in earth 2868 | -10/Subcaves | Core integrity fell below 50% 3527 | -10/Subcaves | Core integrity fell below 20% 3533 | -10/Subcaves | Attached Cargo Legs, gained temporary slots: Utility x2 3656 | -10/Subcaves | A swath of the cavern ceiling suddenly collapsed 3856 | -10/Subcaves | Learned location of 2 exits from Materials 4142 | -10/Subcaves | Ambushed by angry Subdweller bent on revenge 4270 | -10/Subcaves | Entered Recycling 4280 | -8/Recycling | Destroyed by Y-45 Defender with Beam Rifle Last Messages --------------- 03875_ 3T-60O(R) destroyed. 03882_ Acquired Hammer. 03893_ Acquired Scrap Shield. 04116_ JU-QIE(u) tweaks Twisted Machinery. 04133_ Sneak attack on JU-QIE(u). 04133_ JU-QIE(u) cries out in pain. 04133_ JU-QIE(u) destroyed. 04138_ Acquired Multitool. 04144_ F5-0ZC(R): "SUBHATE!" 04150_ Sub. Power Source destroyed. 04152_ Scrap Shield destroyed. 04155_ Temporary Utility slot lost. 04155_ F5-0ZC(R) suffers critical hit (Destroy). 04162_ Destroyed Scrap Shield. 04164_ F5-0ZC(R) destroyed. 04168_ Acquired 40 matter. LOCATION=UNKNOWN GOAL=ESCAPE 04271_ Y-45 Defender springs to life. 04279_ Destroyed Heat Sink. Map ----- +----------------------------------------------------+ | ??????????????????????????????? | | ??????????????????????????????? | | ??????????????????????????????? | | ??????????????????????????????? | | ??????????????????????????????? | | ??????????????????????????????? | | ??????????????????????????????? | | ??????????????????????????????? | | ??????????????????????????????? | | ??????????????????????????????? | | ??????????????????????????????? | | ??????????????????????????????? | | ??######??????????????????????? | | ??# ??????????????????????? | | ??# ??????????????????????? | | ??? ??????????????????????? | | ??? ??????????????????????? | | ??? ??????????????????????? | | ???# #??????????????????????? | | ???# #??????????????????????? | | ???# #??????????????????????? | | ???# #??????????????????????? | | ???# #??????????????????????? | | ??## #??????????????????????? | | ??#T ##?????????????????????? | | ???# @Y#?????????????????????? | | ???# ##?????????????????????? | | ???# #??????????????????????? | | ???#####??????????????????????? | | ??????????????????????????????? | | ??????????????????????????????? | | ??????????????????????????????? | | ??????????????????????????????? | | | | | | | | | | | | | | | | | | | | | | | | | | | | | | | | | | | +----------------------------------------------------+ Best States ------------- Heat Dissipation 39 Energy Generation 15 Energy Capacity 250 Matter Stores 300 Matter Capacity 300 Sight Range 16 Terrain Scan Density 10 Armor Coverage 800 Weapon Shielding 33 Evasion (%) 62 Recoil Reduction 2 Item Schematics ----------------- None Robot Schematics ------------------ None Fabricated ------------ Nothing Repaired ---------- Nothing Studied --------- None Alien Tech Used ----------------- None Achievements -------------- None Challenges ------------ None Game ------ Seed TacticalTractorComputer Manual? 0 Play Time 00:24:22 Cumulative 298.4 hours Start 2026.03.21 @ 20:32:25 End 2026.03.21 @ 20:57:01 Sessions 1 Manual Loads 0 Difficulty Rogue Special Mode None Game No. 149 Rogue 149 Adventurer 0 Explorer 0 Win Type - Total 19 Types 7/0/5/1/4/1/0/0/0/1 Lore% 86 Gallery% 71 Achievement% 87 Wizard Run 0 Options --------- Layout 1 ASCII 0 Keyboard 0 Movement Numpad Keybinds 0 Fullscreen 1 Font 24/Smallcaps Map View 50x35 Zoom Use 0% Tactical HUD 1 Map Filters NONE Filters NONE Steam 1 RUN: 47a7c0bc-4701-4451-952e-3ba9a731b1fb